 Dungeon Crawl Stone Soup version 0.29.1-4-g47bece8355 (webtiles) character file.

Game seed: 9940702825350422452

63 safid the Shooter (level 3, -3/33 HPs)
             Began as a Minotaur Hunter on Dec 2, 2022.
             Killed from afar by Grinder (5 damage)
             ... with a puff of flame
             ... on level 3 of the Dungeon.
             The game lasted 00:02:59 (1785 turns).

safid the Shooter (Minotaur Hunter)                 Turns: 1785, Time: 00:03:00

Health: -3/33      AC:  6    Str: 15    XL:     3   Next: 87%
Magic:  2/2        EV: 10    Int:  6    God:
Gold:   95         SH:  0    Dex: 15    Spells: 2/2 levels left

rFire   . . .      SeeInvis .   a - +0 shortbow
rCold   . . .      Faith    .   (shield currently unavailable)
rNeg    . . .      Spirit   .   e - +0 scale mail
rPois   .          Reflect  .   (helmet restricted)
rElec   .          Harm     .   (no cloak)
rCorr   .          Rampage  .   (no gloves)
Will    .....                   (no boots)
Stlth   ..........              (no amulet)
HPRegen 0.11/turn               (no ring)
MPRegen 0.08/turn               (no ring)

@: no status effects
A: horns 2, retaliatory headbutt
a: no special abilities


You were on level 3 of the Dungeon.
You visited 1 branch of the dungeon, and saw 3 of its levels.

You collected 95 gold pieces.

Inventory:

Hand Weapons
 a - a +0 shortbow (weapon)
Armour
 e - a +0 scale mail (worn)
Jewellery
 c - a ring of willpower
Scrolls
 b - a scroll of poison {unknown}
 d - a scroll of teleportation {unknown}
 f - a scroll of enchant armour {unknown}
 g - 3 scrolls of magic mapping {unknown}
 i - a scroll of fear {unknown}
 j - a scroll of identify {unknown}
Potions
 h - a potion of haste {unknown}


   Skills:
 + Level 4.0 Fighting
 + Level 5.3 Ranged Weapons
 - Level 2.1 Dodging
 - Level 0.7 Stealth


You had 2 spell levels left.
You didn't know any spells.
Your spell library contained the following spells:

 Spells                   Type           Power      Damage    Failure   Level
 Apportation              Tloc           0%         N/A       91%         1
 Necrotise                Necr           0%         1d4       91%         1
 Summon Small Mammal      Summ           0%         N/A       91%         1
 Ensorcelled Hibernation  Hex/Ice        0%         N/A       97%         2
 Passwall                 Tmut/Erth      0%         N/A       97%         2
 Swiftness                Air            0%         N/A       99%         3


Dungeon Overview and Level Annotations

Branches:
Dungeon (3/15)

Altars:

Annotations:
D:3 Grinder


Innate Abilities, Weirdness & Mutations

You have a pair of horns on your head.
You reflexively headbutt those who attack you in melee.


Message History

You shoot an arrow. The arrow closely misses Grinder.
You shoot an arrow. The arrow hits Grinder!
Grinder is moderately wounded.
Grinder zaps a wand.
The puff of flame hits you!
You shoot an arrow. The arrow hits Grinder!
Grinder is heavily wounded.
You shoot an arrow.
The arrow hits Grinder but does no damage.
Grinder is heavily wounded.
Grinder blinks!
You shoot an arrow. The arrow hits Grinder!
Grinder is severely wounded.
You shoot an arrow. The arrow hits Grinder.
Grinder is severely wounded.
Grinder gestures at you. Pain shoots through your body!
* * * LOW HITPOINT WARNING * * *
You are too injured to fight recklessly!
You are too injured to fight recklessly!
You are too injured to fight recklessly!
You are too injured to fight recklessly!
Unknown command.
Grinder attacks as you move away! Grinder hits you.
* * * LOW HITPOINT WARNING * * *
You writhe in agony.
* * * LOW HITPOINT WARNING * * *
There is a stone staircase leading up here.
You are too injured to fight recklessly!
Fire: a) +0 shortbow
Press: ? - help, Q - select action Shift-Dir - straight line, f/p - Grinder
Aim: Grinder, carrying a wand of flame (25) (severely wounded, 60% to hit)
You shoot an arrow. The arrow hits Grinder!
Grinder is almost dead.
Grinder blinks!
Unknown command.
Unknown command.
Unknown command.
Unknown command.
Grinder zaps a wand.
The puff of flame hits you.
You die...

###########.#######..............
..................#)..........###
###########.##................#
#..........)#.##.............###
##.#####..>..#.#...........#.)...
..........)....#...#########...<.
##.###.#.......#.................
#.# #.#.........##########......
#.###.#........@§.......##......
#...#.......#..#......#.##......
####'######..#...........##......
.............###.........##.#....
..............##.........##.#.###
..............##.5.........÷..5..
..............##.......#.##.#.##.
......####.............#.##.#.##.
......# #######............#.##.


You could see Grinder.

Vanquished Creatures
  An adder (D:2)
  A worm (D:3)
  2 dart slugs (D:1)
  10 bats
  5 endoplasms
  2 giant cockroaches
  5 goblins
  2 hobgoblins
  5 kobolds
  3 quokkas
  2 ball pythons
  3 frilled lizards (D:2)
  2 rats (D:2)
43 creatures vanquished.

Notes
Turn   | Place    | Note
-------+----------+-------------------------------------------
     0 | D:1      | safid the Minotaur Hunter began the quest for the Orb.
     0 | D:1      | Reached XP level 1. HP: 18/18 MP: 0/0
    72 | D:1      | Found a faded altar of an unknown god.
   127 | D:1      | Reached XP level 2. HP: 25/26 MP: 1/1
   924 | D:2      | Reached XP level 3. HP: 31/31 MP: 2/2
   927 | D:2      | Reached skill level 5 in Ranged Weapons
  1479 | D:3      | Noticed Grinder
  1482 | D:3      | Paralysed by Grinder for 3 turns
  1749 | D:3      | Paralysed by Grinder for 3 turns
  1783 | D:3      | HP: 1/33 [Grinder (1)]
  1785 | D:3      | Killed from afar by Grinder

Illustrated notes

Levels and vault maps discovered:
D:1:      amcnicky_arrival_feature_with_door, layout_basic,
          ebering_ecumenical_altar_petrified
D:2:      layout_loops_cross
D:3:      layout_basic, uniq_grinder

Skill      XL: |  1  2  3 |
---------------+----------+-----
Fighting       | 3 4 |  4.0
Ranged Weapons | 5 |  5.3
Dodging        | |  2.1
Stealth        | |  0.7

Action                   || total
-------------------------++-------
 Fire: Shortbow          ||   129
Armor: Leather armour    ||     1
       Scale mail        ||    33
Dodge: Dodged            ||    39
